 Dungeon Crawl Stone Soup version 0.31.0 (webtiles) character file.

Game seed: 8155903924790132043

9190 Daunt the Severer (level 11, 0/97 HPs)
             Began as a Hill Orc Reaver on Jan 20, 2024.
             Was an Elder of Beogh.
             Slain by a fire dragon (13 damage)
             ... in a volcano.
             The game lasted 00:53:03 (13399 turns).

Daunt the Severer (Hill Orc Reaver)                Turns: 13399, Time: 00:53:03

Health: 0/97       AC:  8    Str: 20    XL:     11   Next: 42%
Magic:  13/13      EV: 16    Int: 13    God:    Beogh [****..]
Gold:   597        SH:  4    Dex: 11    Spells: 10/13 levels left

rFire   + + .        a - +0 war axe
rCold   . . .        v - +0 buckler
rNeg    . . .        m - +0 robe of Xamar {rElec rF++ Dex+2}
rPois   .            t - +1 hat
rElec   +            j - +0 cloak
rCorr   .            F - +2 pair of gloves
SInv    .            (no boots)
Will    .....        (no amulet)
Stlth   +            e - +5 ring of evasion
HPRegen 0.36/turn    (no ring)
MPRegen 0.13/turn

%: no passive effects
@: invisible
A: no striking features
a: Renounce Religion, Smiting, Recall Orcish Followers


You were in a volcano.
You worshipped Beogh.
Beogh was greatly pleased with you.
You visited 2 branches of the dungeon, and saw 11 of its levels.
You also visited: Volcano.

You collected 597 gold pieces.

Inventory:

Hand Weapons
 a - a +0 war axe (weapon)
 y - a +0 hand axe
Missiles
 f - 69 stones (quivered)
 l - a boomerang
 q - 6 javelins
 z - 9 poisoned darts
 A - 5 curare-tipped darts
Armour
 j - a +0 cloak (worn)
 m - the +0 robe of Xamar (worn) {rElec rF++ Dex+2}
   (You found it on level 8 of the Dungeon)

   Dex+2:     It affects your dexterity (+2).
   rF++:      It greatly protects you from fire.
   rElec:     It insulates you from electricity.
 n - a +0 plate armour
 t - a +1 hat (worn)
 v - a +0 buckler (worn)
 F - a +2 pair of gloves (worn)
 I - a +0 troll leather armour
Jewellery
 e - a +5 ring of evasion (left hand)
Wands
 E - a wand of polymorph (4)
 K - a wand of flame (11)
Scrolls
 b - 3 scrolls of blinking {unknown}
 c - 3 scrolls of fear {unknown}
 d - 2 scrolls of identify {unknown}
 g - 2 scrolls of enchant weapon {unknown}
 k - 3 scrolls of amnesia {unknown}
 o - 2 scrolls of vulnerability {unknown}
 p - 2 scrolls of poison {unknown}
 r - 2 scrolls of fog {unknown}
 s - a scroll of enchant armour {unknown}
 u - a scroll of noise {unknown}
Potions
 h - 4 potions of heal wounds {unknown}
 i - 2 potions of brilliance
 x - 2 potions of berserk rage {unknown}
 C - 2 potions of mutation {unknown}
 D - 2 potions of ambrosia {unknown}
 G - a potion of curing
 H - a potion of resistance {unknown}
 J - a potion of enlightenment {unknown}
 L - a potion of cancellation {unknown}


   Skills:
 + Level 9.5 Fighting
 - Level 16.0 Axes
 - Level 4.0 Throwing
 + Level 7.1 Armour
 + Level 2.0 Dodging
 - Level 4.0 Shields
 - Level 1.5 Spellcasting
 - Level 3.0 Conjurations
 + Level 1.6 Invocations
 - Level 4.0 Evocations


You had 10 spell levels left.
You knew the following spells:

 Your Spells              Type           Power      Damage    Failure   Level
a - Kiss of Death         Conj/Necr      16%        2d6       19%         1
b - Momentum Strike       Conj/Tloc      8%         3d8       26%         2

Your spell library contained the following spells:

 Spells                   Type           Power      Damage    Failure   Level
 Static Discharge         Conj/Air       8%         3-4/arc   26%         2
 Apportation              Tloc           2%         N/A       32%         1
 Necrotise                Necr           4%         1d4       32%         1
 Slow                     Hex            4%         N/A       32%         1
 Summon Small Mammal      Summ           4%         N/A       32%         1
 Jinxbite                 Hex            2%         N/A       45%         2
 Scorch                   Fire           2%         2d5       45%         2
 Dazzling Flash           Conj/Hex       8%         N/A       47%         3
 Hailstorm                Conj/Ice       4%         3d5       47%         3
 Stone Arrow              Conj/Erth      8%         3d7       47%         3
 Call Canine Familiar     Summ           1%         N/A       69%         3
 Confusing Touch          Hex            1%         N/A       69%         3
 Sigil of Binding         Hex            1%         N/A       69%         3
 Vampiric Draining        Necr           1%         2d6       69%         3
 Volatile Blastmotes      Fire/Tloc      2%         2d10      69%         3
 Flame Wave               Conj/Fire      4%         2d5       87%         4
 Fulminant Prism          Conj/Alch      2%         3d5       87%         4
 Iskenderun's Mystic Bla  Conj/Tloc      4%         2d3       87%         4
 Airstrike                Air            0%         2d(1-17)  97%         4
 Animate Armour           Summ/Erth      2%         N/A       97%         4
 Martyr's Knell           Necr/Summ      1%         N/A       97%         4
 Summon Blazeheart Golem  Fire/Summ      1%         N/A       97%         4
 Summon Lightning Spire   Summ/Air       1%         N/A       97%         4
 Alistair's Intoxication  Alch           0%         N/A       100%        5
 Curse of Agony           Necr           1%         N/A       100%        5
 Starburst                Conj/Fire      2%         6d3       100%        6
 Summon Cactus Giant      Summ           0%         N/A       100%        6
 Lehudib's Crystal Spear  Conj/Erth      2%         10d2      100%        8
 Maxwell's Capacitive Co  Air            0%         ∞         100%        8


Dungeon Overview and Level Annotations

Branches:
Dungeon (10/15)            Temple (0/1) D:5            Lair (1/5) D:8
Volcano (1/1)
    Orc: D:9-12

Altars:
Ashenzari
Cheibriados
Elyvilon
Okawaru
Ru
Uskayaw
Vehumet
Xom
Yredelemnul
Zin
The Shining One

Shops:
D:5 =

Annotations:
D:3 2 transporters, Jingleheimer's ghost, amateur HOFi
D:10 exclusion: statue


Message History

You barely miss the fire dragon.
The fire dragon is heavily wounded.
Your hell hound bites the fire dragon.
You block the fire dragon's attack. The fire dragon claws you!
* * * LOW HITPOINT WARNING * * *
The fire dragon closely misses you.
You hit the fire dragon.
The fire dragon is severely wounded.
The hell hound is no longer charmed.
You block the hell hound's attack. The fire dragon barely misses you.
The fire dragon claws you.
* * * LOW HITPOINT WARNING * * *
The fire dragon closely misses you.
You slash the fire dragon!
The fire dragon is severely wounded.
You barely miss the hell hound. The hell hound misses you.
The hell hound barely misses you.
You hit the fire dragon but do no damage.
The fire dragon is severely wounded.
You slash the hell hound!
You kill the hell hound!
Beogh accepts your kill.
You can now recall your orcish followers.
Your Dodging skill increases to level 2!
You completely miss the fire dragon.
The fire dragon is severely wounded.
The fire dragon breathes flames at you. The blast of flame hits you!
You resist.
* * * LOW HITPOINT WARNING * * *
You slash the fire dragon!
The fire dragon is almost dead.
The fire dragon closely misses you. The fire dragon completely misses you.
The fire dragon barely misses you.
You catch the helpless fire dragon completely off-guard!
You hit the fire dragon but do no damage.
The fire dragon is almost dead.
You hit the fire dragon.
The fire dragon is almost dead.
The air gets thick with the scent of sulphur.
The fire dragon bites you!
You die...

≈§≈.# #.# #.≈≈§§≈≈§ §§§ ≈≈..# #.#
#.§≈≈§§§≈ ≈§≈ §§≈.# #.# #..≈§§§≈≈
§§≈ §≈≈.# #.# #.§≈≈§≈§≈ ≈≈≈ §≈§.#
#.#.######..≈≈§§§≈ ≈≈≈ §≈≈.#
#.#......#.≈≈≈≈§§≈ § ≈≈≈.#
###'###++###.≈≈≈§≈≈≈ ≈ ≈§≈.#
#.....#....#..≈≈≈≈≈≈ ≈§≈.#
#.8_8.#@.∩.#.≈≈≈≈≈≈≈§§§§ ≈§≈.#
+.....D....#.§≈≈≈≈§§§§≈≈
≈≈§.#################.≈≈§≈§≈§≈≈§§
≈≈.§...§......§.......≈≈§≈§§§≈≈≈§
..§§≈§§≈≈§..≈§§≈§§≈≈≈§≈§≈≈≈≈§≈≈≈≈
≈≈§≈≈≈§§§≈≈≈≈§§≈≈≈≈§§≈§§§§≈≈§≈≈≈≈
§≈≈≈§≈§≈≈≈§§§§≈§§≈≈§§§≈≈≈≈§≈≈≈≈§≈
≈≈≈≈§≈§§≈≈§≈§≈≈≈≈§§≈≈§§§§§≈≈≈≈≈≈§
≈≈≈≈§≈≈≈≈≈§§≈§≈≈≈≈≈§≈§§≈§≈≈§§≈≈≈≈


You could see a fire dragon (unable to see you, catching breath).

Vanquished Creatures
  Gastronok (D:8)
  A centaur warrior (D:8)
  A kobold demonologist (D:9)
  Psyche (D:8)
  A troll (D:10)
  7 yaks
  2 wraiths (D:9)
  5 fire bats (Volcano)
  A wyvern (D:9)
  A vampire mosquito (D:7)
  A hell hound (Volcano)
  3 orc warriors
  2 ice beasts (D:7)
  2 black bears
  5 sky beasts
  A centaur (D:7)
  A phantom (D:4)
  5 kobold brigands
  Blork the orc (D:4)
  2 bullfrogs
  A gnoll sergeant (D:9)
  2 scorpions
  4 wights
  11 killer bees (D:9)
  4 howler monkeys
  5 lava snakes (Volcano)
  3 bombardier beetles (D:5)
  2 jellies
  2 gnoll boudas
  A hound (D:4)
  4 orc priests
  A sleepcap (D:6)
  An iguana (D:4)
  6 orc wizards
  15 gnolls
  8 adders
  2 shadow imps
  A white imp (D:6)
  2 ufetubi
  4 dart slugs
  2 ribbon worms
  18 orcs
  7 endoplasms
  4 giant cockroaches
  5 goblins
  4 hobgoblins
  5 jackals
  4 quokkas
  3 ball pythons
  3 bats
  3 frilled lizards
  10 kobolds
  7 rats
198 creatures vanquished.

Vanquished Creatures (collateral kills)
  A fire bat (Volcano)
  A wraith (D:8)
  2 yaks (D:10)
  A steam dragon (Volcano)
  A basilisk (Lair:1)
  A jelly (D:8)
7 creatures vanquished.

Vanquished Creatures (others)
  A lindwurm (Volcano)
  A kobold brigand (D:9)
  5 orcs
7 creatures vanquished.

Grand Total: 212 creatures vanquished

Notes
Turn   | Place    | Note
-------+----------+-------------------------------------------
     0 | D:1      | Daunt the Hill Orc Reaver began the quest for the Orb.
     0 | D:1      | Reached XP level 1. HP: 18/18 MP: 3/3
    83 | D:1      | Reached XP level 2. HP: 20/25 MP: 4/4
   366 | D:1      | Learned a level 2 spell: Momentum Strike
   478 | D:1      | Reached skill level 5 in Axes
   508 | D:1      | Reached XP level 3. HP: 28/31 MP: 5/5
  1662 | D:3      | Found an iron altar of Okawaru.
  1685 | D:3      | Identified the +0 robe of Rymuxkax {^Drain rElec rCorr
                  | Str+4}
  1733 | D:3      | Became a worshipper of Beogh the Brigand
  1743 | D:3      | Reached XP level 4. HP: 36/38 MP: 6/6
  1908 | D:3      | Found a transporter.
  1916 | D:3      | Noticed Jingleheimer's ghost (amateur HOFi)
  1917 | D:3      | Found a transporter.
  1918 | D:3      | Noticed an ogre
  1920 | D:3      | Noticed an ogre
  2180 | D:4      | Noticed Blork the orc
  2189 | D:4      | Killed Blork the orc
  2190 | D:4      | Reached skill level 6 in Axes
  2190 | D:4      | Reached skill level 1 in Shields
  2190 | D:4      | Reached XP level 5. HP: 15/46 MP: 4/7
  2466 | D:4      | Reached skill level 7 in Axes
  2545 | D:4      | Reached XP level 6. HP: 30/53 MP: 8/8
  3164 | D:5      | Entered Level 5 of the Dungeon
  3646 | D:5      | Reached * piety under Beogh
  3755 | D:5      | Reached skill level 5 in Fighting
  3784 | D:5      | Found a white marble altar of Elyvilon.
  3787 | D:5      | Found a glowing silver altar of Zin.
  3788 | D:5      | Found a glowing golden altar of the Shining One.
  3812 | D:5      | Found Leykk's One-of-a-Kind Rings.
  3827 | D:5      | Noticed a black bear
  3917 | D:4      | Reached XP level 7. HP: 15/61 MP: 5/9
  4072 | D:5      | Found a staircase to the Ecumenical Temple.
  4090 | D:5      | Reached skill level 8 in Axes
  4502 | D:5      | Found a hide-covered altar of Uskayaw.
  4877 | D:6      | Reached skill level 9 in Axes
  5006 | D:6      | Reached XP level 8. HP: 46/70 MP: 10/10
  5323 | D:6      | Reached skill level 10 in Axes
  5542 | D:6      | Reached ** piety under Beogh
  6209 | D:7      | Reached skill level 11 in Axes
  6446 | D:7      | Reached XP level 9. HP: 74/79 MP: 11/11
  6797 | D:7      | Found a shimmering altar of Xom.
  6806 | D:7      | Found a snail-covered altar of Cheibriados.
  6806 | D:7      | Found a sacrificial altar of Ru.
  6818 | D:7      | Found a basalt altar of Yredelemnul.
  7113 | D:7      | Reached skill level 12 in Axes
  7849 | D:8      | Found a flagged portal.
  7895 | D:7      | Reached skill level 1 in Armour
  8048 | D:7      | Reached skill level 1 in Throwing
  8266 | D:8      | Noticed Gastronok
  8288 | D:7      | Reached skill level 13 in Axes
  8409 | D:8      | Noticed Psyche
  8515 | D:8      | Identified the +0 robe of Xamar {rElec rF++ Dex+2}
  8666 | D:9      | Reached XP level 10. HP: 40/91 MP: 12/12
  8923 | D:9      | Found a broken altar of Ashenzari.
  9209 | D:9      | Reached *** piety under Beogh
  9214 | D:9      | Reached skill level 14 in Axes
 10301 | D:9      | Noticed a kobold demonologist
 10386 | D:9      | Killed a kobold demonologist
 10669 | D:9      | Noticed a two-headed ogre
 10742 | D:8      | Killed Gastronok
 10743 | D:8      | Reached skill level 15 in Axes
 10743 | D:8      | Reached skill level 5 in Armour
 11174 | D:8      | Noticed a centaur warrior
 11178 | D:8      | Reached XP level 11. HP: 92/97 MP: 13/13
 11191 | D:8      | Killed a centaur warrior
 11595 | D:8      | Killed Psyche
 11706 | D:8      | Found a staircase to the Lair.
 11973 | D:10     | Entered Level 10 of the Dungeon
 12414 | D:10     | Found a radiant altar of Vehumet.
 12731 | Lair:1   | Entered Level 1 of the Lair of Beasts
 12862 | Lair:1   | Found a dark tunnel.
 12868 | Volcano  | Entered a volcano
 13316 | Volcano  | Found a radiant altar of Vehumet.
 13316 | Volcano  | Noticed a lindwurm
 13321 | Volcano  | Reached skill level 16 in Axes
 13349 | Volcano  | Reached skill level 1 in Invocations
 13381 | Volcano  | Noticed a fire dragon
 13395 | Volcano  | Reached **** piety under Beogh
 13399 | Volcano  | Slain by a fire dragon

Illustrated notes

Levels and vault maps discovered:
D:1:      matt_arrival_refuge, layout_rooms
D:2:      layout_loops_corners
D:3:      layout_loops_ring, okawaru_gym_becter, gammafunk_ghost_smash,
          wad_floor_pattern_2, nicolae_underground_beach
D:4:      layout_basic, supply_closet_lemuel, minmay_misc_feat_secret_circle,
          chequers_serial_rivers_micro_a, uniq_blork_the_orc
D:5:      layout_loops_cross, good_gods_temple_1, lemuel_doored_altar,
          minmay_temple_entry_drinking_statues, nicolae_shop_unique_rings,
          kennysheep_dice
D:6:      layout_cave_pools
D:7:      layout_cave_pools, nicolae_overflow_quartered_altars
D:8:      wad_arrow_thing, layout_rooms, lair_entry_dummy, enter_bailey_6,
          kennysheep_generic_room_8, uniq_gastronok, uniq_psyche
D:9:      layout_gridville, nicolae_ashenzari_panopticon, minmay_misc_feat_doors
D:10:     layout_roguey, vehumet_statue, minmay_misc_feat_iff
Lair:1:   layout_cave_shapes, nicolae_volcano_entry_s_turn, grunt_megastairs_3
Volcano:  volcano_lake [vl_original]

Skill      XL: |  1  2  3  4  5  6  7  8  9 10 11 |
---------------+----------------------------------+-----
Fighting       | 3 4 5 7 9 |  9.5
Axes           | 5 6 7 9 11 13 15 16 | 16.0
Shields        | 1 2 4 |  4.0
Armour         | 3 6 7 |  7.1
Throwing       | 2 4 |  4.0
Evocations     | 3 4 |  4.0
Invocations    | 1 |  1.6
Dodging        | 2 |  2.0
Spellcasting   | |  1.5
Conjurations   | |  3.0

Action                     |  1- 3 |  4- 6 |  7- 9 | 10-12 || total
---------------------------+-------+-------+-------+-------++-------
  Melee: Hand axe          |   145 |   175 |    24 |       ||   344
         Punch             |     1 |       |       |       ||     1
         War axe           |       |       |   358 |   350 ||   708
  Throw: Stone             |       |     7 |    46 |     6 ||    59
         Dart              |       |     4 |    19 |       ||    23
         Javelin           |       |       |     6 |       ||     6
         Boomerang         |       |       |     1 |       ||     1
   Cast: Momentum Strike   |     2 |     2 |       |       ||     4
         Kiss of Death     |       |     1 |       |       ||     1
 Invoke: Convert to Beogh  |     1 |       |       |       ||     1
  Evoke: Wand              |       |       |       |     6 ||     6
    Use: Scroll            |       |     1 |     3 |       ||     4
         Potion            |       |     2 |     4 |     5 ||    11
   Stab: Invisible         |       |       |       |     7 ||     7
         Distracted        |       |       |       |     1 ||     1
 Armour: Leather armour    |    59 |    67 |   180 |       ||   306
         Skin              |       |       |    51 |    40 ||    91
         Plate armour      |       |       |    74 |   196 ||   270
         Robe              |       |       |       |    62 ||    62
  Dodge: Dodged            |   105 |   113 |   259 |   172 ||   649
  Block: Buckler           |       |    21 |    62 |    74 ||   157
